 Dungeon Crawl Stone Soup version 0.18.1-48-g4cf74bf (webtiles) character file.

21716 Neeto the Peltast (level 13, -7/86 HPs)
             Began as a Formicid Fighter on July 18, 2016.
             Was the Champion of Qazlal.
             Killed from afar by a frost giant (9 damage)
             ... with a bolt of cold
             ... on level 12 of the Dungeon.
             The game lasted 00:32:29 (13267 turns).

Neeto the Peltast (Formicid Fighter)               Turns: 13267, Time: 00:32:30

Health: -7/86      AC: 23    Str: 22    XL:     13   Next: 22%
Magic:  13/13      EV:  7    Int:  8    God:    Qazlal [******]
Gold:   766        SH: 27    Dex: 20    Spells: 0 memorised, 12 levels left

rFire  + . .     SeeInvis +     B - +3 scimitar
rCold  + + .     Gourm    .     O - +0 plate armour
rNeg   . . .     Faith    .     H - +0 shield {rF+}
rPois  .         Spirit   .     (helmet unavailable)
rElec  .         Dismiss  .     K - +0 cloak of the Lizard {rC+ Dex+2}
rCorr  .         Reflect  +     F - +0 pair of gloves
SustAt .         Harm     .     m - +1 pair of boots
MR     +....                    N - +4 amulet of reflection
Stlth  ..........               h - +4 ring of dexterity
                                y - +2 ring of protection

@: protected from cold, repel missiles, somewhat resistant to hostile
enchantments, extremely unstealthy
A: permanent stasis, dig shafts and tunnels, four strong arms, antennae 3
a: Dig, Shaft Self, Upheaval, Elemental Force, Disaster Area, Renounce Religion


You were on level 12 of the Dungeon.
You worshipped Qazlal.
Qazlal was exalted by your worship.
You were not hungry.

You visited 1 branch of the dungeon, and saw 12 of its levels.
You also visited: Ossuary.

You collected 990 gold pieces.
You spent 224 gold pieces at shops.

Inventory:

Hand Weapons
 B - a +3 scimitar (weapon)
Missiles
 n - 2 javelins (quivered)
Armour
 m - a +1 pair of boots (worn)
 s - a +0 large shield
 F - a +0 pair of gloves (worn)
 H - a +0 shield of fire resistance (worn)
 K - the +0 cloak of the Lizard (worn) {rC+ Dex+2}
   (You found it on level 6 of the Dungeon)

   It affects your dexterity (+2).
   It protects you from cold.
 L - a +0 chain mail of poison resistance
 O - a +0 plate armour (worn)
Jewellery
 h - a +4 ring of dexterity (right hand)
 y - a +2 ring of protection (left hand)
 A - an uncursed ring of positive energy
 N - a +4 amulet of reflection (around neck)
Wands
 d - a wand of confusion (44/48)
Scrolls
 g - 2 scrolls of recharging
 i - 3 scrolls of remove curse
 o - 3 scrolls of immolation
 D - 3 scrolls of enchant weapon
 E - 3 scrolls of fear
Potions
 b - a potion of mutation
 e - 6 potions of curing
 j - 2 potions of agility
 k - a potion of cancellation
 p - 3 potions of resistance
 q - a potion of berserk rage {unknown}
 r - a potion of lignification {unknown}
 t - 7 potions of flight
 v - a potion of beneficial mutation {unknown}
 w - 2 potions of cure mutation {unknown}
 x - 4 potions of degeneration {unknown}
 z - 3 potions of brilliance {unknown}
 C - a potion of magic {unknown}
 J - a potion of experience {unknown}
 P - 2 potions of heal wounds {unknown}
Books
 c - a book of Alchemy

   Spells                             Type                      Level
   a - Sublimation of Blood           Necromancy                   2
   b - Ignite Poison                  Fire/Transmutation/Poison    3
   c - Petrify                        Transmutation/Earth          4
   d - Alistair's Intoxication        Transmutation/Poison         5
   e - Irradiate                      Conjuration/Transmutation    5
Comestibles
 a - 7 slices of pizza
 f - 6 bread rations
 l - 7 meat rations
 G - 4 beef jerkies
 M - a royal jelly


   Skills:
 - Level 3.2 Fighting
 - Level 12.2 Long Blades
 + Level 12.9 Armour
 - Level 15.0 Shields


You had 12 spell levels left.
You didn't know any spells.

Dungeon Overview and Level Annotations

Branches:
Dungeon (12/15)            Temple (0/1) D:5            Lair (0/8) D:10
    Orc (0/2) D:9

Altars:
Dithmenos
Elyvilon
Fedhas
Gozag
Okawaru
Pakellas
Qazlal
Sif Muna
Trog
Vehumet
Xom
Zin

Shops:
D:5 [   D:9 (

Portals:
Trove: D:11 (give +2 storm dragon armour)

Annotations:
D:12 3 runed doors


Innate Abilities, Weirdness & Mutations

You are under a permanent stasis effect.
You can dig through walls and to a lower floor.
Your four strong arms can wield two-handed weapons with a shield.
You have a pair of large antennae on your head (SInv).


Message History

Drink which item? (? for menu, Esc to quit)
You feel better.
The iron troll changes into a frost giant!
You block the frost giant's attack.
You block the phantasmal warrior's attack.
Unknown command.
Drink which item? (? for menu, Esc to quit)
You feel better.
The frost giant gestures at you while chanting.
The bolt of cold hits you! You resist.
* * * LOW HITPOINT WARNING * * *
You hear a sizzling sound!
You block the frost giant's attack.
You block the phantasmal warrior's attack.
The frost giant changes into a stone giant!
The frost giant gestures at you while chanting.
The bolt of cold hits you! You resist.
Your resistance to physical damage fades away.
You feel protected from cold.
You die...

#########################
##≈≈≈≈≈≈≈≈≈≈≈≈≈≈≈≈≈≈≈≈≈≈≈≈
###........≈≈≈≈≈≈≈≈≈≈≈≈≈≈≈≈≈
#.'..............≈≈≈≈≈≈≈≈≈≈.
#.'.........§...............
#.'.....§W..................
#.#.....CC.@§...............
#.##....)§≈§≈≈≈≈≈≈≈≈≈≈≈≈≈≈≈≈
#.####''####################
#.# #≈.........#{W≈≈≈≈≈≈≈≈≈
#.# #≈.§.......#.h.≈≈≈≈≈≈...
#.# #≈.........#D....)}.....
#.# #≈≈........'.....(%/....
#.# #≈≈≈.......'....(:=)....
#.# ##≈≈≈......'.....[.[....


You could see a frost giant, a stone giant shaped shifter and a phantasmal
warrior.

Vanquished Creatures
  Gastronok (D:12)
  Erolcha (D:8)
  2 hydras
  A death knight (D:12)
  A hell knight (D:12)
  4 hill giants
  Maurice (D:8)
  4 ugly things
  2 gargoyles (D:12)
  A freezing wraith (D:11)
  4 trolls
  3 two-headed ogres
  3 yaks (D:10)
  A hungry ghost (D:7)
  A human (D:7)
  3 hippogriffs
  Edmund (D:5)
  A water moccasin (D:12)
  9 orc warriors
  2 hell hounds (D:10)
  4 ice beasts
  4 black bears
  5 sky beasts
  An eye of draining (D:11)
  A wasp (D:11)
  7 ogres
  2 centaurs
  9 giant frogs
  11 scorpions
  21 killer bees
  10 wights
  11 electric eels
  5 howler monkeys
  11 crimson imps
  2 jellies
  A giant frog zombie (D:8)
  A wasp zombie (D:11)
  16 orc wizards
  5 orc priests
  2 giant frog skeletons
  6 hounds
  2 human zombies (Ossuary)
  3 centaur skeletons
  3 iguanas
  10 worker ants
  4 sheep (D:7)
  3 big kobold zombies (Ossuary)
  3 hound skeletons
  3 mummies (Ossuary)
  A worker ant zombie (D:6)
  A howler monkey skeleton (D:6)
  24 adders
  4 scorpion zombies (Ossuary)
  2 adder zombies (D:7)
  2 worms
  An adder skeleton (D:5)
  6 giant geckos
  41 orcs
  5 giant cockroaches
  4 goblins
  9 hobgoblins
  15 jackals
  8 kobolds
  4 quokkas
  3 bats
  11 giant newts
  2 gnoll zombies (Ossuary)
  2 goblin zombies (Ossuary)
  2 hobgoblin zombies (Ossuary)
  An orc zombie (Ossuary)
  2 quokka zombies (D:4)
  8 rats
  A butterfly (D:4)
371 creatures vanquished.

Vanquished Creatures (others)
  A cyclops (D:12)
  An ugly thing (D:5)
  2 scorpions (Ossuary)
  An orc (D:9)
  2 kobold zombies (Ossuary)
  A rat (D:2)
8 creatures vanquished.

Grand Total: 379 creatures vanquished

Notes
Turn   | Place    | Note
--------------------------------------------------------------
     0 | D:1      | Neeto the Formicid Fighter began the quest for the Orb.
     0 | D:1      | Reached XP level 1. HP: 18/18 MP: 1/1
   128 | D:1      | Reached XP level 2. HP: 24/24 MP: 2/2
   698 | D:2      | Reached XP level 3. HP: 27/29 MP: 3/3
   829 | D:2      | Reached XP level 4. HP: 28/35 MP: 4/4
   875 | D:2      | Found a stormy altar of Qazlal.
   917 | D:2      | Became a worshipper of Qazlal Stormbringer
   930 | D:2      | Found an iron altar of Okawaru.
  1498 | D:3      | Reached XP level 5. HP: 39/41 MP: 5/5
  1566 | D:3      | Reached skill level 5 in Long Blades
  1586 | D:3      | Reached * piety under Qazlal
  2530 | D:4      | Reached XP level 6. HP: 37/47 MP: 6/6
  2541 | D:4      | Got a warped whip
  2547 | D:4      | Identified the cursed +2 whip of Oniq {elec, rN+ Int+4} (You found it on level 4 of the Dungeon)
  2577 | D:4      | Found a shimmering altar of Xom.
  2619 | D:4      | Found a sand-covered staircase.
  2633 | D:4      | Reached ** piety under Qazlal
  2635 | Ossuary  | Entered an ossuary
  2720 | Ossuary  | Reached XP level 7. HP: 33/52 MP: 7/7
  2791 | Ossuary  | Reached skill level 4 in Shields
  3020 | Ossuary  | Reached skill level 5 in Shields
  3080 | Ossuary  | Reached skill level 6 in Shields
  3105 | Ossuary  | Reached XP level 8. HP: 40/58 MP: 8/8
  3403 | D:4      | Found an opulent altar of Gozag.
  3471 | D:4      | Reached skill level 7 in Shields
  3567 | D:4      | Found a deep blue altar of Sif Muna.
  3878 | D:5      | Entered Level 5 of the Dungeon
  3913 | D:5      | Noticed Edmund
  3933 | D:5      | Killed Edmund
  4017 | D:5      | Reached skill level 5 in Armour
  4049 | D:5      | Noticed a troll
  4059 | D:5      | Killed a troll
  4298 | D:5      | Found Gisarykid's Armour Emporium.
  4307 | D:5      | Bought a +1 cloak for 161 gold pieces
  4307 | D:5      | Bought a +0 pair of gloves for 63 gold pieces
  4405 | D:5      | Found a staircase to the Ecumenical Temple.
  4544 | D:5      | Found an oddly glowing altar of Pakellas.
  4544 | D:5      | Noticed a cyan ugly thing
  4559 | D:5      | Killed a green ugly thing
  4718 | D:6      | Found a white marble altar of Elyvilon.
  4724 | D:6      | Reached XP level 9. HP: 33/64 MP: 9/9
  4776 | D:6      | Reached *** piety under Qazlal
  4948 | D:6      | Found a blossoming altar of Fedhas.
  4969 | D:6      | Reached skill level 8 in Shields
  5152 | D:6      | Got a scorched cloak
  5174 | D:6      | Identified the +0 cloak of the Lizard {rC+ Dex+2} (You found it on level 6 of the Dungeon)
  5205 | D:6      | Found a glowing silver altar of Zin.
  5205 | D:6      | Noticed an angel
  5296 | D:6      | Reached skill level 9 in Shields
  5624 | D:7      | Noticed a troll
  5638 | D:7      | Killed a troll
  5949 | D:7      | Noticed a troll
  6415 | D:7      | Reached XP level 10. HP: 70/70 MP: 10/10
  6593 | D:7      | Found a bloodstained altar of Trog.
  6726 | D:7      | Reached **** piety under Qazlal
  7050 | D:7      | Found a radiant altar of Vehumet.
  7165 | D:7      | Reached skill level 10 in Long Blades
  7897 | D:8      | Noticed Erolcha
  7908 | D:8      | Killed Erolcha
  7908 | D:8      | Reached skill level 10 in Shields
  7908 | D:8      | Reached skill level 11 in Shields
  8226 | D:8      | Noticed Maurice
  8250 | D:8      | Killed Maurice
  8250 | D:8      | Reached skill level 10 in Armour
  8250 | D:8      | Reached XP level 11. HP: 26/75 MP: 4/11
  9304 | D:9      | Reached ***** piety under Qazlal
  9787 | D:9      | Found a staircase to the Orcish Mines.
  9800 | D:9      | Found Sonnoboc's Weapon Shoppe.
  9892 | D:9      | Found an iron altar of Okawaru.
 10004 | D:10     | Entered Level 10 of the Dungeon
 10203 | D:10     | Noticed a hill giant
 10212 | D:10     | Killed a hill giant
 10408 | D:10     | Found a staircase to the Lair.
 11185 | D:11     | Found a shadowy altar of Dithmenos.
 11256 | D:11     | Noticed a brown ugly thing
 11258 | D:11     | Noticed a purple ugly thing
 11280 | D:11     | Killed a purple ugly thing
 11300 | D:11     | Killed a purple ugly thing
 11300 | D:11     | Reached XP level 12. HP: 73/81 MP: 7/12
 11421 | D:11     | Reached skill level 12 in Shields
 11460 | D:11     | Noticed a four-headed hydra
 11485 | D:11     | Killed a four-headed hydra
 11485 | D:11     | Reached skill level 13 in Shields
 12037 | D:11     | Found a portal to a secret trove of treasure.
 12145 | D:12     | Noticed Gastronok
 12163 | D:12     | Killed Gastronok
 12163 | D:12     | Reached skill level 14 in Shields
 12266 | D:12     | Reached ****** piety under Qazlal
 12283 | D:12     | Reached skill level 15 in Shields
 12413 | D:12     | Noticed a five-headed hydra
 12413 | D:12     | Found a runed gate.
 12413 | D:12     | Found a runed gate.
 12413 | D:12     | Found a runed gate.
 12441 | D:12     | Noticed a frost giant
 12444 | D:12     | Noticed a hell knight
 12458 | D:12     | Killed a nine-headed hydra
 12556 | D:12     | Noticed a death knight
 12570 | D:12     | Killed a death knight
 12570 | D:12     | Reached XP level 13. HP: 36/86 MP: 13/13
 13172 | D:12     | Found a runed gate.
 13172 | D:12     | Found a runed gate.
 13172 | D:12     | Found a runed gate.
 13176 | D:12     | Noticed a quicksilver dragon
 13184 | D:12     | Noticed a sphinx
 13218 | D:12     | Noticed a quicksilver dragon
 13221 | D:12     | Noticed a sphinx
 13221 | D:12     | a quicksilver dragon changed into a sphinx
 13222 | D:12     | a sphinx changed into an iron troll
 13227 | D:12     | Noticed an apis
 13227 | D:12     | an iron troll changed into an apis
 13228 | D:12     | Noticed a shadow dragon
 13228 | D:12     | an apis changed into a shadow dragon
 13245 | D:12     | Noticed an alligator snapping turtle
 13251 | D:12     | Noticed an azure jelly
 13251 | D:12     | an alligator snapping turtle changed into an azure jelly
 13253 | D:12     | an azure jelly changed into an iron troll
 13264 | D:12     | Noticed a frost giant
 13264 | D:12     | an iron troll changed into a frost giant
 13265 | D:12     | HP: 2/86 [frost giant/bolt of cold (19)]
 13266 | D:12     | Noticed a stone giant
 13266 | D:12     | a frost giant changed into a stone giant
 13267 | D:12     | Killed from afar by a frost giant

Skill      XL: |  1  2  3  4  5  6  7  8  9 10 11 12 13 |
---------------+----------------------------------------+-----
Long Blades    | 3 4 5 7 8 10 12 | 12.2
Shields        | 6 7 9 11 15 | 15.0
Armour         | 7 9 10 11 12 | 12.9
Fighting       | |  3.2

Action                   |  1- 3 |  4- 6 |  7- 9 | 10-12 | 13-15 || total
-------------------------+-------+-------+-------+-------+-------++-------
Melee: Long sword        |    64 |   242 |   379 |       |       ||   685
       Scimitar          |       |       |    14 |   963 |    58 ||  1035
 Abil: Dig               |       |       |       |     2 |       ||     2
Evoke: Wand              |       |       |       |    14 |       ||    14
  Use: Scroll            |       |    10 |     8 |     6 |     1 ||    25
       Potion            |       |       |       |     1 |     3 ||     4
 Stab: Distracted        |       |       |       |     1 |       ||     1
  Eat: Chunk             |       |     6 |     7 |    21 |     1 ||    35
       Pizza             |       |       |     1 |       |     1 ||     2
       Bread ration      |       |       |     1 |       |       ||     1
Armor: Scale mail        |    26 |    48 |       |       |       ||    74
       Chain mail        |       |    61 |   110 |    72 |       ||   243
       Plate armour      |       |       |       |   183 |     6 ||   189
Dodge: Dodged            |    19 |    53 |    69 |   127 |     7 ||   275
       Deflected         |       |       |       |     3 |     1 ||     4
Block: Shield            |    33 |   156 |   261 |   859 |    62 ||  1371
       Reflection        |       |       |       |     7 |     4 ||    11
